 Dungeon Crawl Stone Soup version 0.24-a0-441-g27f0392e16 (webtiles) character file.

Game seed: 5044569238311602140

27588 Kuinu the Warrior (level 13, -4/126 HPs)
             Began as a Grey Draconian Berserker on June 20, 2019.
             Was a High Priest of Trog.
             Slain by a vampire (11 damage)
             ... on level 15 of the Dungeon.
             The game lasted 00:32:27 (9223 turns).

Kuinu the Warrior (Grey Draconian Berserker)        Turns: 9223, Time: 00:32:29

Health: -4/126     AC:  6    Str: 24    XL:     13   Next: 5%
Magic:  13/13      EV: 24    Int:  8    God:    Trog [*****.]
Gold:   876        SH:  0    Dex: 16    Spells: 12/12 levels left

rFire    . . .     SeeInvis .   F - +7 long sword (vamp)
rCold    + . .     Gourm    .   (no shield)
rNeg     . . .     Faith    .   (armour unavailable)
rPois    .         Spirit   .   j - +2 hat
rElec    .         Reflect  .   y - +0 cloak
rCorr    .         Harm     .   (no gloves)
MR       ++...                  k - +1 pair of boots
Stlth    ++........             N - amulet of regeneration
HPRegen  1.71/turn              T - ring of protection from cold
MPRegen  0.13/turn              (no ring)

@: agile, corroded, berserk cooldown, regenerating, slowed, very slow
A: walk through water, unfitting armour, unbreathing, cold-blooded, AC +13
a: Berserk, Trog's Hand, Brothers in Arms, Renounce Religion


You were on level 15 of the Dungeon.
You worshipped Trog.
Trog was extremely pleased with you.
You were not hungry.

You visited 1 branch of the dungeon, and saw 14 of its levels.

You collected 876 gold pieces.

Inventory:

Hand Weapons
 a - a +0 falchion
 d - a +1 short sword of venom
 i - a +2 short sword of venom
 m - a +2 long sword of protection
 v - a +0 great sword
 A - a +2 scimitar of flaming
 F - a +7 vampiric long sword (weapon)
 G - a +0 great sword
 L - a +2 antimagic scimitar
 R - a +1 antimagic demon blade
 V - a +2 scimitar of flaming
Armour
 j - a +2 hat (worn)
 k - a +1 pair of boots (worn)
 y - a +0 cloak (worn)
 E - a +0 cloak
Jewellery
 u - an uncursed amulet of harm
 B - an uncursed ring of stealth
 C - an uncursed amulet of the acrobat
 H - an uncursed amulet of guardian spirit
 N - an amulet of regeneration (around neck)
 T - a ring of protection from cold (left hand)
 U - an uncursed ring of flight {unknown}
Wands
 q - a wand of random effects (14)
 D - a wand of digging (8)
 J - a wand of paralysis (6)
Scrolls
 e - 3 scrolls of teleportation
 n - 2 scrolls of random uselessness
 r - a scroll of enchant weapon
 w - 6 scrolls of remove curse
 x - a scroll of immolation {unknown}
 z - a scroll of brand weapon {unknown}
 I - 2 scrolls of enchant armour
 K - 2 scrolls of identify
 M - a scroll of torment {unknown}
 P - a scroll of magic mapping {unknown}
Potions
 c - 3 potions of berserk rage
 g - a potion of mutation
 h - a potion of ambrosia
 l - 5 potions of agility
 o - 2 potions of brilliance
 p - 3 potions of flight
 t - 2 potions of cancellation
 O - a potion of might {unknown}
 Q - a potion of degeneration {unknown}
 S - a potion of resistance {unknown}
Comestibles
 b - 22 rations


   Skills:
 * Level 15.0 Fighting
 * Level 14.0 Long Blades
 + Level 9.6 Dodging


You had 12 spell levels left.
You didn't know any spells.
Your spell library was empty.

Dungeon Overview and Level Annotations

Branches:
Dungeon (13/15)            Temple (0/1) D:7            Lair (0/6) D:9
    Orc (0/2) D:10
 Vaults: D:13-14

Altars:
Ashenzari
Cheibriados
Elyvilon
Fedhas
Makhleb
Nemelex Xobeh
Okawaru
Qazlal
Ru
Sif Muna
Trog
Uskayaw
Vehumet
Wu Jian
Zin
The Shining One

Shops:
D:5 }%**   D:10 %

Annotations:
D:9 2 runed translucent doors


Innate Abilities, Weirdness & Mutations

You can walk through water.
Your dull iron-grey scales are very hard. (AC +13)
You cannot fit into any form of body armour.
You can survive without breathing.
You are cold-blooded and may be slowed by cold attacks.


Message History

You are exhausted.
You feel yourself slow down.
Your skin crawls.
You feel resistant to hostile enchantments.
You feel somewhat more hungry.
The brown ugly thing kicks you but does no damage.
The red ugly thing basks in the mutagenic energy from its kin and changes!
A vampire comes into view.
The brown ugly thing kicks you!
* * * LOW HITPOINT WARNING * * *
You are splashed with acid!
* * * LOW HITPOINT WARNING * * *
Okay, then.
As you read the scroll of fear, it crumbles to dust.
You assume a fearsome visage.
The vampire is unaffected.
The brown ugly thing looks frightened! x2
The brown ugly thing resists with almost no effort.
The brown ugly thing resists with some effort.
The brown ugly thing looks frightened!
The vampire hits you!
You die...

#....# ###....#
#......#
##.....###
#.......#
#.......#
#...u...#
#......u#######.#
#.....uuu@V.....#
#.....#####.....#
#.....# .../#
#.....# ...#
#.....# ..# #....
.# #... #


You could see 5 ugly things and a vampire.

Vanquished Creatures
  A catoblepas (D:9)
  2 hydras
  2 two-headed ogres (D:15)
  Erica (D:8)
  A centaur warrior (D:15)
  Urug (D:13)
  2 unseen horrors
  A harpy (shapeshifter) (D:11)
  Pikel (D:8)
  5 ugly things
  A cyclops (D:13)
  2 manticores
  2 gargoyles
  A kobold demonologist (D:11)
  A freezing wraith (D:15)
  An efreet (D:15)
  3 trolls
  2 tengu conjurers
  6 hornets
  A polar bear (D:8)
  Prince Ribbit (D:8)
  5 hippogriffs
  A shadow (D:12)
  4 wyverns
  11 yaks
  4 hungry ghosts
  5 vampire mosquitoes
  2 water moccasins
  Edmund (D:5)
  A soldier ant (D:10)
  A floating eye (D:15)
  2 black bears (D:7)
  8 orc warriors
  5 necrophages
  5 ice beasts
  2 phantoms
  11 ogres
  5 centaurs
  A crocodile (D:11)
  4 big kobolds
  6 bullfrogs
  A gnoll sergeant (D:11)
  5 scorpions
  18 killer bees
  4 wights (D:9)
  5 howler monkeys
  11 crimson imps
  A quasit (D:12)
  A centaur zombie (D:5)
  3 bullfrog zombies
  7 hounds
  7 jellies
  4 centaur skeletons
  5 orc priests
  2 bullfrog skeletons
  2 iguanas
  14 orc wizards
  17 worker ants
  Ijyb (D:5)
  A killer bee zombie (D:10)
  A hound zombie (D:11)
  A mummy (D:9)
  2 hound skeletons
  5 worker ant zombies
  15 gnolls
  18 adders
  5 shadow imps
  2 white imps (D:8)
  6 oozes
  An adder zombie (D:5)
  An adder skeleton (D:7)
  5 worms
  A dart slug (D:2)
  7 leopard geckos
  60 orcs
  3 bats
  9 giant cockroaches
  6 hobgoblins
  16 jackals
  25 kobolds
  5 quokkas
  A ball python (D:3)
  4 frilled lizards
  8 goblins
  2 goblin zombies (D:4)
  2 hobgoblin zombies (D:4)
  2 kobold skeletons (D:4)
  2 kobold zombies (D:4)
  2 leopard gecko simulacra (D:8)
  A leopard gecko skeleton (D:7)
  2 orc skeletons (D:4)
  An orc zombie (D:4)
  A quokka skeleton (D:7)
  A quokka zombie (D:7)
  8 rats
462 creatures vanquished.

Vanquished Creatures (others)
  4 slaves (D:8)
  A bullfrog (D:8)
  A worker ant zombie (D:8)
  An adder (D:8)
7 creatures vanquished.

Grand Total: 469 creatures vanquished

Notes
Turn   | Place    | Note
-------+----------+-------------------------------------------
     0 | D:1      | Kuinu the Draconian Berserker began the quest for the Orb.
     0 | D:1      | Reached XP level 1. HP: 19/19 MP: 1/1
    23 | D:1      | Reached XP level 2. HP: 14/26 MP: 2/2
   172 | D:1      | Reached ** piety under Trog
   278 | D:1      | Reached XP level 3. HP: 29/33 MP: 3/3
   442 | D:2      | Found a sacrificial altar of Ru.
   478 | D:2      | Reached skill level 4 in Fighting
   523 | D:2      | Noticed an ogre
   531 | D:2      | Killed an ogre
   531 | D:2      | Reached XP level 4. HP: 30/41 MP: 4/4
   564 | D:2      | Found an iron altar of Okawaru.
   586 | D:2      | Reached XP level 5. HP: 28/47 MP: 5/5
   795 | D:2      | Noticed a necrophage
   804 | D:2      | Killed a necrophage
   804 | D:2      | Reached skill level 5 in Fighting
   960 | D:2      | Found a radiant altar of Vehumet.
   992 | D:2      | Noticed an air elemental
   994 | D:2      | Found a stormy altar of Qazlal.
   997 | D:2      | Noticed a fire elemental
   997 | D:2      | Noticed a water elemental
  1018 | D:2      | Reached XP level 6. HP: 51/56 MP: 6/6
  1145 | D:2      | Found a deep blue altar of Sif Muna.
  1187 | D:2      | Found a blossoming altar of Fedhas.
  1255 | D:3      | Reached *** piety under Trog
  1394 | D:3      | Reached skill level 5 in Long Blades
  1659 | D:3      | Reached skill level 6 in Fighting
  1670 | D:3      | Your scales start taking on a dull iron-grey colour.
  1670 | D:3      | Reached XP level 7. HP: 63/63 MP: 7/7
  1670 | D:3      | Gained mutation: You can survive without breathing. [Grey
                  | Draconian growth]
  1969 | D:4      | Found a glowing golden altar of the Shining One.
  2022 | D:4      | Reached **** piety under Trog
  2330 | D:4      | Found a bloodstained altar of Trog.
  2610 | D:5      | Entered Level 5 of the Dungeon
  2624 | D:5      | Reached skill level 7 in Fighting
  2677 | D:5      | Reached XP level 8. HP: 51/73 MP: 8/8
  2744 | D:5      | Noticed Edmund
  2763 | D:5      | Killed Edmund
  2814 | D:5      | Found Vigum's Food Shop.
  2839 | D:5      | Noticed Ijyb
  2847 | D:5      | Killed Ijyb
  2890 | D:5      | Found a shattered altar of Ashenzari.
  2892 | D:5      | Reached skill level 8 in Fighting
  2907 | D:5      | Reached skill level 5 in Dodging
  2933 | D:5      | Found Pigappoj's General Store.
  3102 | D:5      | Found Hazy's Gadget Boutique.
  3211 | D:5      | Found Bonean's General Store.
  3213 | D:5      | Found a sparkling altar of Nemelex Xobeh.
  3342 | D:6      | Found an ornate altar of the Wu Jian Council.
  3368 | D:6      | Found a burning altar of Makhleb.
  3453 | D:6      | Found a white marble altar of Elyvilon.
  3535 | D:6      | Found a white marble altar of Elyvilon.
  3630 | D:6      | Reached XP level 9. HP: 58/82 MP: 9/9
  3822 | D:6      | Reached skill level 9 in Fighting
  4047 | D:7      | Found a staircase to the Ecumenical Temple.
  4137 | D:7      | Reached ***** piety under Trog
  4327 | D:7      | Found a hide-covered altar of Uskayaw.
  4421 | D:7      | Reached skill level 10 in Fighting
  4597 | D:7      | Found a glowing silver altar of Zin.
  4709 | D:8      | Noticed Pikel
  4733 | D:8      | Killed Pikel
  4954 | D:8      | Reached XP level 10. HP: 93/94 MP: 10/10
  4987 | D:8      | Noticed Erica
  5001 | D:8      | Killed Erica
  5001 | D:8      | Reached skill level 10 in Long Blades
  5042 | D:8      | Reached skill level 11 in Fighting
  5528 | D:8      | Noticed Prince Ribbit
  5537 | D:8      | Killed Prince Ribbit
  5779 | D:9      | Noticed a gargoyle
  5793 | D:9      | Killed a gargoyle
  5794 | D:9      | Found a large runed translucent door.
  5794 | D:9      | Found a large runed translucent door.
  5794 | D:9      | Noticed a catoblepas
  5796 | D:9      | Noticed a fire dragon
  5801 | D:9      | Noticed a glowing orange brain
  5808 | D:9      | Found a staircase to the Lair.
  5839 | D:9      | Received a gift from Trog
  5916 | D:9      | Reached skill level 12 in Fighting
  5930 | D:9      | Reached XP level 11. HP: 86/104 MP: 11/11
  6023 | D:9      | Killed a catoblepas
  6190 | D:9      | Received a gift from Trog
  6249 | D:9      | Found a snail-covered altar of Cheibriados.
  6333 | D:10     | Entered Level 10 of the Dungeon
  6455 | D:10     | Found Qocekoqa's Food Shoppe.
  6989 | D:10     | Found a staircase to the Orcish Mines.
  7054 | D:11     | Noticed a harpy
  7054 | D:11     | an eye of draining changed into a harpy
  7059 | D:11     | Killed a harpy
  7312 | D:11     | Noticed a six-headed hydra
  7322 | D:11     | Killed a one-headed hydra
  7342 | D:11     | Reached skill level 13 in Fighting
  7343 | D:11     | Paralysed by a hornet for 1 turns
  7411 | D:11     | Killed an unseen horror
  7508 | D:11     | Noticed a brown ugly thing
  7519 | D:11     | Killed a brown ugly thing
  7520 | D:11     | Received a gift from Trog
  7642 | D:11     | Reached XP level 12. HP: 115/115 MP: 12/12
  8006 | D:12     | Noticed a four-headed hydra
  8024 | D:12     | Killed a one-headed hydra
  8146 | D:12     | Reached skill level 14 in Fighting
  8719 | D:13     | Noticed Urug
  8733 | D:13     | Killed Urug
  8788 | D:13     | Received a gift from Trog
  9011 | D:13     | You fall into a shaft and drop 2 floors!
  9011 | D:15     | Entered Level 15 of the Dungeon
  9038 | D:15     | Noticed a two-headed ogre
  9047 | D:15     | Paralysed by a floating eye for 3 turns
  9051 | D:15     | Killed a two-headed ogre
  9101 | D:15     | Noticed a centaur warrior
  9112 | D:15     | Killed a centaur warrior
  9115 | D:15     | Noticed a two-headed ogre
  9130 | D:15     | Killed a two-headed ogre
  9141 | D:15     | Reached skill level 15 in Fighting
  9141 | D:15     | Reached XP level 13. HP: 115/126 MP: 13/13
  9222 | D:15     | HP: 5/126 [acid (8)]
  9223 | D:15     | Slain by a vampire

Levels and vault maps discovered:
D:1:      lightli_arrival_maybe_door_vault, layout_rooms
D:2:      layout_basic, nicolae_overflow_crystal_walls,
          nicolae_qazlal_style_of_elements, vehumet_crystals,
          lemuel_blue_sif_altar, lemuel_round_altar, minmay_hexomino_r4
D:3:      kennysheep_big_flooded_room, layout_loops_ring
D:4:      layout_cave_pods, overflow_temple_1_default,
          nicolae_tso_besieged_by_evil
D:5:      layout_loops_cross, nemelex_xobeh_ov_fountains_minmay, serial_shops,
          kennysheep_mini, nicolae_shop_temple_entry_statues_fountains,
          nicolae_shop_crystal, shop, first_ration, ashenzari_altar_1,
          uniq_ijyb, uniq_edmund
D:6:      layout_loops_ring, nicolae_overflow_hidden_temple,
          lemuel_crystal_altar, old_standard_altar, basic_altar
D:7:      layout_rooms, eat_drink_and_be_merry_uskayaw, zin_scriptorium,
          temple_fountains
D:8:      layout_basic, serial_ice, serial_ice_n, serial_ice_g, serial_ice_d,
          serial_ice_c, uniq_prince_ribbit1, uniq_pikel, uniq_erica
D:9:      layout_rooms, slow_altar_2, dpeg_oklobed_lair,
          hangedman_little_slice_of_home, jmf_multi_god_temple2
D:10:     layout_loops_ring, orc_0_dummy, serial_shops, shop
D:11:     cheibrodos_ideogram_h, layout_irregular_city,
          hangedman_abyss_or_decor_clamps, eino_small_chamber_without_monster,
          serial_bayou_pond_a
D:12:     layout_rooms, hex_large
D:13:     layout_roguey, david_vaults_2, uniq_nessos, uniq_urug
D:15:     grunt_enter_depths_snipers, layout_irregular_city, serial_shops,
          nicolae_shop_window_shopping, basic_altar,
          chequers_serial_rivers_micro_d, onia_ninara_cookie

Skill      XL: |  1  2  3  4  5  6  7  8  9 10 11 12 13 |
---------------+----------------------------------------+-----
Dodging        | 3 4 5 6 7 8 9 |  9.6
Fighting       | 4 5 6 7 8 10 12 13 15 | 15.0
Long Blades    | 4 5 6 8 9 11 12 13 14 | 14.0

Action                   |  1- 3 |  4- 6 |  7- 9 | 10-12 | 13-15 || total
-------------------------+-------+-------+-------+-------+-------++-------
Melee: Falchion          |    18 |       |       |       |       ||    18
       Tailslap          |     9 |    20 |    80 |   145 |    12 ||   266
       Short sword       |    44 |   146 |   496 |    11 |       ||   697
       Scimitar          |       |       |       |   208 |       ||   208
       Long sword        |       |       |       |   547 |    36 ||   583
Invok: Berserk           |     2 |     4 |     5 |     9 |     1 ||    21
       Trog's Hand       |       |     1 |     5 |    11 |     2 ||    19
  Use: Scroll            |     6 |       |    10 |     8 |     2 ||    26
       Potion            |       |       |     1 |     1 |     3 ||     5
 Stab: Sleeping          |       |       |     1 |     1 |       ||     2
       Petrified         |       |       |       |     6 |       ||     6
  Eat: Chunk             |       |     8 |    19 |    16 |       ||    43
       Ration            |       |       |       |     5 |     2 ||     7
Armor: Skin              |    25 |    56 |   224 |   303 |    37 ||   645
Dodge: Dodged            |    57 |    80 |   268 |   648 |    27 ||  1080
       Rpst.: Falchion   |     7 |       |       |       |       ||     7
       Scimitar          |       |       |       |    45 |       ||    45
       Long sword        |       |       |       |   123 |     5 ||   128

Table legend:
 A = Non-vault XP
 B = Vault XP
 C = Vault XP percentage of total XP
 D = Non-vault monster count
 E = Vault monster count
 F = Vault count percentage of total count
                 A         B        C        D         E       F
            +---------+---------+-------+---------+---------+-------
      Total |   26175 |   13237 |  33.6 |     380 |      83 |  17.9
            +---------+---------+-------+---------+---------+-------
        D:1 |      47 |       0 |   0.0 |      25 |       0 |   0.0
        D:2 |     229 |     137 |  37.4 |      22 |       5 |  18.5
        D:3 |     342 |      16 |   4.5 |      36 |       2 |   5.3
        D:4 |     402 |      61 |  13.2 |       7 |      12 |  63.2
        D:5 |     778 |     191 |  19.7 |      33 |       2 |   5.7
        D:6 |     748 |       0 |   0.0 |      22 |       0 |   0.0
        D:7 |    1682 |       0 |   0.0 |      28 |       0 |   0.0
        D:8 |    1259 |    2610 |  67.5 |      29 |      12 |  29.3
        D:9 |    2220 |    1636 |  42.4 |      29 |      13 |  31.0
       D:10 |    2323 |       0 |   0.0 |      40 |       0 |   0.0
       D:11 |    4659 |    3436 |  42.4 |      44 |      24 |  35.3
       D:12 |    6138 |       0 |   0.0 |      49 |       0 |   0.0
       D:13 |    3309 |     824 |  19.9 |      10 |       1 |   9.1
       D:15 |    2039 |    4326 |  68.0 |       6 |      12 |  66.7
            +---------+---------+-------+---------+---------+-------
